 Dungeon Crawl Stone Soup version 0.28-a0-1199-gef9e1dbd39 (webtiles) character file.

Game seed: 4329325566578818507

1724 Adrian566 the Basher (level 8, -8/78 HPs)
             Began as a Troll Fighter on Dec 19, 2021.
             Was a Believer of Sif Muna.
             Mangled by Prince Ribbit (17 damage)
             ... on level 5 of the Dungeon.
             The game lasted 00:08:07 (3870 turns).

Adrian566 the Basher (Troll Fighter)                Turns: 3870, Time: 00:08:08

Health: -8/78      AC:  4    Str: 27    XL:     8   Next: 75%
Magic:  7/7        EV: 10    Int:  4    God:    Sif Muna [**....]
Gold:   116        SH:  0    Dex: 11    Spells: 7/7 levels left

rFire   . . .      SeeInvis .   g - +1 giant spiked club (protect)
rCold   . . .      Faith    .   (shield currently unavailable)
rNeg    . . .      Spirit   .   b - +0 robe
rPois   +          Reflect  .   (helmet restricted)
rElec   .          Harm     .   (no cloak)
rCorr   .          Rampage  .   (gloves unavailable)
Will    .....                   (boots unavailable)
Stlth   +.........              (no amulet)
HPRegen 1.03/turn               k - ring of poison resistance
MPRegen 0.10/turn               (no ring)

@: on berserk cooldown, slowed, very slow
A: large, unfitting armour, claws 3, regeneration 1, shaggy fur 1, tough skin 1,
talons 1, agile 1
a: Renounce Religion, Channel Magic


You were on level 5 of the Dungeon.
You worshipped Sif Muna.
Sif Muna was pleased with you.
You visited 1 branch of the dungeon, and saw 5 of its levels.

You collected 244 gold pieces.
You spent 128 gold pieces at shops.

Inventory:

Hand Weapons
 a - a +0 flail
 g - a +1 giant spiked club of protection (weapon)
Missiles
 l - a throwing net
Armour
 b - a +0 robe (worn)
 c - a +0 kite shield
Jewellery
 k - a ring of poison resistance (left claw)
Wands
 d - a wand of iceblast (8) (quivered)
Scrolls
 e - 2 scrolls of vulnerability
 f - 3 scrolls of identify
 j - a scroll of amnesia
 n - a scroll of noise {unknown}
 o - a scroll of magic mapping {unknown}
Potions
 m - a potion of might


   Skills:
 + Level 4.1 Fighting
 * Level 8.5 Maces & Flails
 + Level 3.9 Dodging
 + Level 1.1 Stealth
 + Level 3.3 Shields


You had 7 spell levels left.
You didn't know any spells.
Your spell library contained the following spells:

 Spells                   Type           Power      Damage    Failure   Level
 Beastly Appendage        Tmut           0%         N/A       50%         1
 Wereblood                Tmut           0%         N/A       65%         2
 Spider Form              Tmut/Pois      0%         N/A       86%         3
 Summon Lightning Spire   Summ/Air       0%         N/A       99%         4
 Storm Form               Tmut/Air       0%         N/A       100%        7
 Maxwell's Capacitive Co  Air            0%         ∞         100%        8


Dungeon Overview and Level Annotations

Branches:
Dungeon (5/15)
 Temple: D:4-7

Altars:
Sif Muna

Shops:
D:1 !   D:2 =(   D:3 (   D:4 *   D:5 *:

Annotations:
D:5 1 runed translucent door, Cancer's ghost, novice GrCj; Prince Ribbit


Innate Abilities, Weirdness & Mutations

You are too large for most types of armour.
You have claws for hands.
Your natural rate of healing is unusually fast.
You are covered in fur. (AC +1)
You have tough skin. (AC +1)
You have sharp toenails.
You are agile. (Dex +2)


Message History

The black bear claws you.
* * * LOW HITPOINT WARNING * * *
The black bear claws you.
* * * LOW HITPOINT WARNING * * *
You sock the black bear!
Your weapon exudes an aura of protection.
You kill the black bear!
Sif Muna accepts your kill.
Prince Ribbit hops awkwardly around.
Prince Ribbit blinks!
Prince Ribbit croaks regally.
As you read the scroll of identify, it crumbles to dust.
e - 2 scrolls of vulnerability
Okay, then.
Prince Ribbit hits you but does no damage.
Prince Ribbit blinks!
You closely miss Prince Ribbit. Your kick misses Prince Ribbit.
Prince Ribbit hits you!
Prince Ribbit blinks!
It was a potion of berserk rage.
A red film seems to cover your vision as you go berserk!
You feel yourself moving faster!
You feel mighty!
You feel a strong urge to attack something.
Prince Ribbit barely misses you.
You closely miss Prince Ribbit. Prince Ribbit hits you.
You barely miss Prince Ribbit. You claw Prince Ribbit.
Prince Ribbit is lightly wounded.
Prince Ribbit hits you!
* * * LOW HITPOINT WARNING * * *
Prince Ribbit asks, "Just a little smooch?"
Prince Ribbit hits you!
* * * LOW HITPOINT WARNING * * *
You feel a strong urge to attack something.
You are no longer berserk.
You are exhausted.
You feel yourself slow down. Prince Ribbit hits you!
* * * LOW HITPOINT WARNING * * *
Unknown command.
You feel better. Prince Ribbit hits you!
You die...

..........#.#............#
........#..........#.##.#
.............(.###.#(##.####
#....†..##..##.# #..........
#.###.#.##..##.# ###.##.####
#.###.#.##..##.#####.##.#########
.....................##.........#
..#####.###.##........')........#
........# #.####@###..#.........#
#...#######.####F###..#.........#
................................'
........########.....#..........#
.###....########.#...........####
.............................# #
........####.................# #
..#.##....##.#<..............# ##
#....#.^..##.####............# #.


You could see Prince Ribbit.

Vanquished Creatures
  Pikel (D:5)
  Sigmund (D:2)
  Menkaure (D:4)
  An orc warrior (D:5)
  A black bear (D:5)
  A hornet zombie (D:5)
  2 ogres
  A lemure (D:5)
  2 scorpions (D:4)
  A jelly (D:5)
  3 hounds (D:5)
  An orc priest (D:4)
  A gnoll shaman (D:4)
  A centaur skeleton (D:4)
  Ijyb (D:3)
  An iguana (D:5)
  2 orc wizards
  A howler monkey skeleton (D:4)
  3 adders
  An ufetubus (D:3)
  An adder skeleton (D:4)
  A worm (D:2)
  4 dart slugs
  10 orcs
  13 endoplasms
  6 giant cockroaches
  3 goblins
  8 hobgoblins
  9 jackals
  2 quokkas
  6 ball pythons
  4 bats
  3 frilled lizards
  11 rats
108 creatures vanquished.

Vanquished Creatures (others)
  A plant (D:2)
1 creature vanquished.

Grand Total: 109 creatures vanquished

Notes
Turn   | Place    | Note
-------+----------+-------------------------------------------
     0 | D:1      | Adrian566 the Troll Fighter began the quest for the Orb.
     0 | D:1      | Reached XP level 1. HP: 22/22 MP: 0/0
     1 | D:1      | Found a runed translucent door.
     9 | D:1      | Found Eloll's Distillery.
   247 | D:1      | Reached XP level 2. HP: 27/29 MP: 1/1
   249 | D:1      | Reached skill level 2 in Maces & Flails
   430 | D:1      | Found a faded altar of an unknown god.
   852 | D:1      | Reached XP level 3. HP: 36/36 MP: 2/2
   980 | D:2      | Reached XP level 4. HP: 15/44 MP: 3/3
   989 | D:2      | Reached skill level 3 in Maces & Flails
  1100 | D:2      | Found Iskuj's Antique Weapon Boutique.
  1164 | D:2      | Noticed Sigmund
  1187 | D:2      | Killed Sigmund
  1188 | D:2      | Reached skill level 4 in Maces & Flails
  1188 | D:2      | Reached XP level 5. HP: 48/53 MP: 4/4
  1528 | D:2      | Found Seekhac's Jewellery Emporium.
  1896 | D:1      | Prayed at the altar of an unknown god.
  1896 | D:1      | Became a worshipper of Sif Muna the Loreminder
  1896 | D:1      | Reached * piety under Sif Muna
  1927 | D:1      | Bought a potion of mutation for 80 gold pieces
  1927 | D:1      | Gained mutation: You are agile. (Dex +2) [potion of
                  | mutation]
  1927 | D:1      | Gained mutation: You have sharp toenails. [potion of
                  | mutation]
  2264 | D:3      | Reached XP level 6. HP: 54/61 MP: 5/5
  2403 | D:3      | Found Loucsoh's Antique Weapon Shoppe.
  2474 | D:3      | Noticed Ijyb
  2482 | D:3      | Killed Ijyb
  2706 | D:4      | Noticed Menkaure
  2712 | D:4      | Killed Menkaure
  2784 | D:4      | Reached skill level 5 in Maces & Flails
  2838 | D:4      | Reached XP level 7. HP: 67/67 MP: 6/6
  2857 | D:4      | Found Jisio's Assorted Antiques.
  3143 | D:4      | Reached ** piety under Sif Muna
  3155 | D:4      | Reached skill level 6 in Maces & Flails
  3477 | D:5      | Entered Level 5 of the Dungeon
  3537 | D:5      | Noticed Pikel
  3543 | D:5      | Killed Pikel
  3544 | D:5      | Reached skill level 7 in Maces & Flails
  3544 | D:5      | Reached skill level 1 in Stealth
  3544 | D:5      | Reached XP level 8. HP: 54/78 MP: 7/7
  3637 | D:5      | Reached skill level 8 in Maces & Flails
  3676 | D:5      | Found a runed translucent door.
  3678 | D:5      | Noticed Cancer's ghost (novice GrCj)
  3736 | D:5      | Found Feureori's Book Shoppe.
  3746 | D:5      | Found Fapeop's Assorted Antiques.
  3756 | D:5      | Bought a scroll labelled KAD VINEUKI for 24 gold pieces
  3756 | D:5      | Bought a scroll labelled NENIRR FIEMOAD for 24 gold pieces
  3828 | D:5      | Noticed Prince Ribbit
  3869 | D:5      | HP: 1/78 [Prince Ribbit (13)]
  3870 | D:5      | Mangled by Prince Ribbit

Illustrated notes

Levels and vault maps discovered:
D:1:      dpeg_arrival_caged_fury, layout_basic,
          dreamdust_ecumenical_altar_angels_and_demons, serial_shops,
          nicolae_shop_advertising_works [nicolae_subvault_shop_adworks],
          minivault_23, minmay_pentomino_t2
D:2:      layout_loops_ring, serial_shops, nicolae_shop_statue_plus,
          nicolae_shop_behind_doors, chequers_serial_rivers_micro_b,
          chequers_big_river, grunt_ministairs_12, kennysheep_generic_room_5,
          uniq_sigmund
D:3:      layout_basic, serial_shops, shop, uniq_ijyb
D:4:      layout_loops_cross, serial_shops, kennysheep_little_box,
          minmay_quantized, uniq_menkaure
D:5:      layout_basic, minmay_temple_entry_enclosed_plants,
          hellmonk_ghost_happy_afterlife, serial_shops,
          nicolae_shop_hallway_plus, nicolae_square_shop, uniq_pikel,
          uniq_prince_ribbit1, uniq_blork_the_orc, uniq_crazy_yiuf_cottage

Skill      XL: |  1  2  3  4  5  6  7  8 |
---------------+-------------------------+-----
Maces & Flails | 2 4 5 7 8 |  8.5
Fighting       | 3 4 |  4.1
Dodging        | 3 |  3.9
Shields        | 3 |  3.3
Stealth        | 1 |  1.1

Action                   |  1- 3 |  4- 6 |  7- 9 || total
-------------------------+-------+-------+-------++-------
Melee: Flail             |   102 |   112 |     8 ||   222
       Kick              |       |    20 |    23 ||    43
       Giant spiked club |       |       |    82 ||    82
  Use: Potion            |       |     4 |     3 ||     7
       Scroll            |       |     4 |     4 ||     8
 Stab: Sleeping          |       |       |     2 ||     2
Armor: Robe              |    46 |    37 |    48 ||   131
Dodge: Dodged            |    55 |    45 |    52 ||   152
Block: Kite shield       |    37 |    53 |     1 ||    91

Table legend: (Time is in decaauts)
 A = Elapsed time spent in this place.
 B = Non-inter-level travel time spent in this place.
 C = Inter-level travel time spent in this place.
 D = Time resting spent in this place.
 E = Time spent auto-exploring this place.
 F = Levels seen in this place.
 G = Mean time per level.
                   A        B        C        D        E       F      G
               +--------+--------+--------+--------+--------+-----+--------+
         Total |   4017 |   3682 |    335 |      0 |   2790 |   5 |  803.4 |
       Dungeon |   4017 |   3682 |    335 |      0 |   2790 |   5 |  803.4 |
               +--------+--------+--------+--------+--------+-----+--------+

Top non-repeatable levels by time:
     D:2: 1141 daAuts
     D:1: 1062 daAuts
     D:4: 818 daAuts
     D:3: 580 daAuts
     D:5: 414 daAuts
